 Dungeon Crawl Stone Soup version 0.20-a0-1109-ge3cd172 (webtiles) character file.

45 M4edhros the Skirmisher (level 3, -1/24 HPs)
             Began as a Kobold Chaos Knight on May 5, 2017.
             Killed from afar by a twister (8 damage)
             ... with a tornado
             ... summoned by the severe capriciousness of Xom
             ... on level 1 of the Dungeon.
             The game lasted 00:02:01 (2713 turns).

M4edhros the Skirmisher (Kobold Chaos Knight)       Turns: 2713, Time: 00:02:01

Health: -1/24      AC:  5    Str:  7    XL:     3   Next: 90%
Magic:  3/3        EV: 14    Int: 13    God:    Xom [......]
Gold:   64         SH:  0    Dex: 15    Spells: 2/2 levels left

rFire    . . .     SeeInvis .   a - +0 spear (chaos)
rCold    . . .     Gourm    .   (shield restricted)
rNeg     . . .     Faith    .   b - +2 leather armour
rPois    .         Spirit   .   (no helmet)
rElec    .         Reflect  .   (no cloak)
rCorr    .         Harm     .   (no gloves)
MR       .....                  (no boots)
Stlth    +.........             (no amulet)
Regen    0.1/turn               (no ring)
MPRegen  0.1/turn               (no ring)

@: flying (expiring)
A: carnivore 3, deterioration 2, high mp 1, weak 1
a: Renounce Religion


You were on level 1 of the Dungeon.
You worshipped Xom.
You were a very special plaything of Xom.
You were very full.

You visited 1 branch of the dungeon, and saw 2 of its levels.

You collected 64 gold pieces.

Inventory:

Hand Weapons
 a - a +0 spear of chaos (weapon)
Armour
 b - a +2 leather armour (worn)
 l - a +0 ring mail
Jewellery
 i - an uncursed ring of protection from cold {unknown}
Scrolls
 d - a scroll of identify {unknown}
 e - 2 scrolls of teleportation {unknown}
 h - a scroll of remove curse {unknown}
 j - a scroll of noise {unknown}
 k - a scroll of enchant weapon {unknown}
Potions
 g - a potion of lignification {unknown}
Comestibles
 c - a meat ration
 f - a fruit


   Skills:
 + Level 3.8 Fighting
 + Level 2.9 Polearms
 + Level 1.6 Armour
 + Level 2.6 Dodging


You had 2 spell levels left.
You didn't know any spells.

Dungeon Overview and Level Annotations

Branches:
Dungeon (2/15)

Altars:


Innate Abilities, Weirdness & Mutations

You are small and have problems with some larger weapons.
You are carnivorous and can eat meat at any time.
Your body often deteriorates upon taking damage.
You have an increased reservoir of magic. (+10% MP)
You are weak. (Str -2)


Message History

Done waiting.
You start waiting.
Xom's generous nature manifests itself.
Something appears at your feet!
You are now a very special plaything of Xom.
You now have 64 gold pieces (gained 24).
You start waiting.
Done waiting.
You start waiting.
Xom giggles.
The vortex of raging winds lifts you up.
You fly up into the air.
A huge vortex of air appears!
You're standing in a cloud of raging winds!
You're standing in a cloud of raging winds!
Xom is mildly amused.
Unknown command.
Unknown command.
* * * LOW HITPOINT WARNING * * *
You are engulfed in raging winds.
You die...

...#...######.##.########
l ##.## ####.# ##§§§##
#... ##.§§§§## #####.
#..§§§§§# [....#.######
#.(§§§v.# .....#.......
#..§§§§§# .............
##.§§§§## #.............
#
#..§§§§@##..............
##.
#.....§.#...............
#...
#....((...#..........<.#
#....
##...))..#....#####+#...
#.....##.....##..>..#
#...
#........#..........#
#...
#.....###.......#...#
#..# #.... #.)..#..#...#
#... #... #...........#
#...


You could see a twister.

Vanquished Creatures
  2 adders (D:1)
  2 leopard geckos (D:1)
  4 goblins (D:1)
  4 hobgoblins (D:1)
  2 bats (D:1)
  3 frilled lizards (D:1)
  4 kobolds (D:1)
  4 rats (D:1)
25 creatures vanquished.

Notes
Turn   | Place    | Note
-------+----------+-------------------------------------------
     0 | D:1      | M4edhros the Kobold Chaos Knight began the quest for the Orb.
     0 | D:1      | Reached XP level 1. HP: 14/14 MP: 1/1
    77 | D:1      | XOM: divination: detect creatures
   613 | D:1      | Reached skill level 1 in Armour
   613 | D:1      | Reached XP level 2. HP: 16/19 MP: 2/2
   678 | D:1      | XOM: divination: detect creatures
   736 | D:1      | XOM is BORED!
   736 | D:1      | XOM: harmless Tmut miscast
  1329 | D:1      | Reached XP level 3. HP: 24/24 MP: 3/3
  1547 | D:1      | XOM: harmless Tmut miscast
  1852 | D:1      | XOM is BORED!
  1852 | D:1      | XOM: silly message
  1870 | D:1      | XOM: give mutations
  1870 | D:1      | Gained mutation: Your body sometimes deteriorates upon taking damage. [Xom's mischief]
  1870 | D:1      | Gained mutation: You evolve. [Xom's mischief]
  1870 | D:1      | Gained mutation: Your body often deteriorates upon taking damage. [Xom's mischief]
  1870 | D:1      | Gained mutation: You have an increased reservoir of magic. (+10% MP) [Xom's mischief]
  1873 | D:1      | XOM: give mutations
  1873 | D:1      | Lost mutation: You evolve. [Xom's mischief]
  1873 | D:1      | Gained mutation: You are weak. (Str -2) [Xom's mischief]
  2074 | D:1      | XOM: 8-stop teleportation journey
  2570 | D:1      | XOM: god gift: 24 gold pieces
  2710 | D:1      | XOM: severe Air miscast
  2713 | D:1      | Killed from afar by a twister

Vault maps used:
D:1:      minmay_arrival_stone_box
D:2:      first_bread, yredelemnul_altar_generic, uniq_crazy_yiuf_cottage,
          uniq_jessica

Skill      XL: |  1 |
---------------+----+-----
Armour         | 1 |  1.6
Fighting       | |  3.8
Polearms       | |  2.9
Dodging        | |  2.6

Action                   || total
-------------------------++-------
Melee: Spear             ||    94
  Eat: Chunk             ||    13
Armor: Leather armour    ||    19
Dodge: Dodged            ||    52
